 Dungeon Crawl Stone Soup version 0.16-a0-3458-g6d2551d (webtiles) character file.

248 NewYearsCrawler the Chopper (level 6, -10/51 HPs)
             Began as a Formicid Fighter on Jan 2, 2015.
             Was an Initiate of Okawaru.
             Mangled by NewYearsCrawler's ghost (19 damage)
             ... on level 4 of the Dungeon.
             The game lasted 00:06:27 (3164 turns).

NewYearsCrawler the Chopper (Formicid Fighter)      Turns: 3164, Time: 00:06:27

Health: -10/51     AC: 11    Str: 23    XL:     6   Next: 34%
Magic:  7/7        EV:  4    Int:  5    God:    Okawaru [......]
Gold:   120        SH:  9    Dex: 10    Spells: 0 memorised, 5 levels left

rFire  + . .     SeeInvis +     a - +0 war axe
rCold  + . .     Clarity  .     p - +0 plate armour
rNeg   . . .     SustAb   .     c - +0 shield
rPois  .         Gourm    .     (helmet unavailable)
rElec  .         Spirit   .     (no cloak)
rCorr  .         Warding  .     (no gloves)
rMut   .         Stasis   +     (no boots)
MR     .....                    (no amulet)
Stlth  ..........               (no ring)
                                f - ring of protection from cold

@: drained, not resistant to hostile enchantments, extremely unstealthy
A: permanent stasis, dig shafts and tunnels, four strong arms, antennae 3, fangs
1, dopey 1, fire resistance 1, low mp 1, robust 1
a: Dig, Shaft Self, Renounce Religion


You were on level 4 of the Dungeon.
You worshipped Okawaru.
Okawaru was noncommittal.
You were hungry.

You visited 1 branch of the dungeon, and saw 4 of its levels.

You collected 120 gold pieces.

Inventory:

Hand weapons
 a - a +0 war axe (weapon)
Armour
 c - a +0 shield (worn)
 g - a +0 large shield
 p - a +0 plate armour (worn)
Jewellery
 f - a ring of protection from cold (left hand)
Scrolls
 h - 4 scrolls of identify {unknown}
 i - 3 scrolls of amnesia {unknown}
 k - a scroll of recharging {unknown}
 q - 2 scrolls of noise {unknown}
 r - a scroll of fear {unknown}
Comestibles
 d - 3 bread rations
 o - 3 meat rations


   Skills:
 - Level 3.2(2.8) Fighting
 + Level 6.0(5.5) Axes
 - Level 3.2(2.8) Armour
 + Level 4.1(3.6) Shields


You had 5 spell levels left.
You didn't know any spells.

Dungeon Overview and Level Annotations

Branches:
Dungeon (4/15)
 Temple: D:4-7

Altars:
Gozag
Okawaru
Zin

Shops:
D:4 *

Annotations:
D:4 NewYearsCrawler's ghost, average FoFi


Innate Abilities, Weirdness & Mutations

You are under a permanent stasis effect.
You can dig through walls and to a lower floor.
Your four strong arms can wield two-handed weapons with a shield.
You have a pair of large antennae on your head (SInv).
You have very sharp teeth.
You are dopey. (Int -2)
Your flesh is heat resistant.
Your magical capacity is low (-10% MP).
You are robust (+10% HP).


Message History

There is a stone staircase leading down here.
There is an opulent altar of Gozag here.
You hit NewYearsCrawler's ghost.
You bite NewYearsCrawler's ghost, but do no damage.
NewYearsCrawler's ghost is moderately damaged.
NewYearsCrawler's ghost hits you but does no damage.
You slash NewYearsCrawler's ghost!
NewYearsCrawler's ghost is heavily damaged.
NewYearsCrawler's ghost hits you.
* * * LOW HITPOINT WARNING * * *
NewYearsCrawler's ghost hits you!
* * * LOW HITPOINT WARNING * * *
You see here a club.
NewYearsCrawler's ghost whispers, "Death doesn't hurt.
What you feel is life."
You see here a club.
NewYearsCrawler's ghost whispers, "The ORB doesn't exist."
There is a stone staircase leading up here.
You see here a giant gecko skeleton.
NewYearsCrawler's ghost hits you!!
You die...

... #.# #.# #.# #
#.# #.##.## ##+#
#.#...#####..#
#......)....##
###@W.####...####.
#.#<............#
#..(..##...#####
#####.###.## #.#
#.# ###.###.#
#.....#.#
#.#.###.#
#.._..#.#


You could see NewYearsCrawler's ghost.

Vanquished Creatures
  A centaur (D:3)
  An iguana (D:4)
  Terence (D:3)
  3 adders
  2 gnolls (D:4)
  A worm (D:4)
  A giant mite (D:3)
  2 orcs
  A giant cockroach (D:2)
  13 goblins
  8 hobgoblins
  8 jackals
  A quokka (D:4)
  11 bats
  5 giant geckos
  3 giant newts
  10 kobolds
  5 rats
77 creatures vanquished.

Notes
Turn   | Place    | Note
--------------------------------------------------------------
     0 | D:1      | NewYearsCrawler, the Formicid Fighter, began the quest for the Orb.
     0 | D:1      | Reached XP level 1. HP: 18/18 MP: 1/1
   392 | D:1      | Reached XP level 2. HP: 18/24 MP: 3/3
   786 | D:2      | Reached XP level 3. HP: 18/29 MP: 4/4
  1407 | D:2      | Reached XP level 4. HP: 26/35 MP: 5/5
  1425 | D:2      | Reached skill level 4 in Axes
  1796 | D:3      | Gained mutation: You are robust (+10% HP). [potion of mutation]
  1796 | D:3      | Gained mutation: You are dopey. (Int -2) [potion of mutation]
  1796 | D:3      | Gained mutation: Your flesh is heat resistant. [potion of mutation]
  1926 | D:3      | Found an iron altar of Okawaru.
  1929 | D:3      | Became a worshipper of Warmaster Okawaru
  1985 | D:3      | Noticed a centaur
  1995 | D:3      | Killed a centaur
  1995 | D:3      | Reached skill level 5 in Axes
  1995 | D:3      | Reached XP level 5. HP: 24/45 MP: 7/7
  2269 | D:3      | Noticed Terence
  2282 | D:3      | Killed Terence
  2448 | D:4      | Found Zin's Purification Station.
  2450 | D:4      | Found a glowing silver altar of Zin.
  2492 | D:4      | Reached XP level 6. HP: 30/51 MP: 8/8
  2575 | D:4      | Noticed NewYearsCrawler's ghost (average FoFi)
  2889 | D:3      | Gained mutation: Your magical capacity is low (-10% MP). [potion of mutation]
  2889 | D:3      | Gained mutation: You have very sharp teeth. [potion of mutation]
  2952 | D:4      | Found an opulent altar of Gozag.
  2978 | D:4      | Reached skill level 6 in Axes
  3125 | D:4      | HP: 2/51 [NewYearsCrawler's ghost (13)]
  3164 | D:4      | Mangled by NewYearsCrawler's ghost

Action                   |  1- 3 |  4- 6 || total
-------------------------+-------+-------++-------
Melee: War axe           |   128 |   148 ||   276
 Abil: Dig               |     1 |       ||     1
  Use: Potion            |       |     9 ||     9
  Eat: Chunk             |     1 |     6 ||     7
